 Dungeon Crawl Stone Soup version 0.29.1-12-g30fa7ad0bf (webtiles) character file.

Game seed: 2603879638537998841

9 mopl the Sneak (level 2, 0/21 HPs)
             Began as an Octopode Delver on Jan 17, 2023.
             Succumbed to a water moccasin's poison
             ... in a sewer on Jan 18, 2023.
             The game lasted 00:01:11 (361 turns).

mopl the Sneak (Octopode Delver)                     Turns: 361, Time: 00:01:12

Health: 0/21       AC:  1    Str: 11    XL:     2   Next: 16%
Magic:  2/2        EV: 13    Int: 12    God:
Gold:   0          SH:  0    Dex: 13    Spells: 1/1 levels left

rFire   . . .      SeeInvis .   a - +0 falchion
rCold   . . .      Faith    .   (no shield)
rNeg    . . .      Spirit   .   (helmet restricted)
rPois   .          Reflect  .   (no amulet)
rElec   .          Harm     .   (no ring)
rCorr   .          Rampage  .   (no ring)
Will    .....                   (no ring)
Stlth   ++++......              (no ring)
HPRegen 0.07/turn               (no ring)
MPRegen 0.08/turn               (no ring)
                                (no ring)
                                (no ring)

@: lethally poisoned (0 -> -14), hasted, very quick
A: almost no armour, amphibious, 8 rings, camouflage 1, gelatinous body 1,
(nimble swimmer 1), tentacles
a: no special abilities


You were in a sewer.
You visited 1 branch of the dungeon, and saw 2 of its levels.
You also visited: Sewer.

Inventory:

Hand Weapons
 a - a +0 falchion (weapon)
Wands
 f - a wand of digging (3)
Scrolls
 b - a scroll of fog
 c - a scroll of magic mapping
 d - a scroll of fear
 g - a scroll of identify {unknown}
 h - a scroll of enchant weapon {unknown}
Potions
 e - a potion of haste


   Skills:
 + Level 3.1 Fighting
 + Level 2.1 Long Blades
 + Level 2.1 Dodging
 + Level 6.7 Stealth
 + Level 0.5 Evocations


You had one spell level left.
You didn't know any spells.
Your spell library was empty.

Dungeon Overview and Level Annotations

Branches:
Dungeon (5/15)              Sewer (1/1)
 Temple: D:4-7

Altars:

Shops:
D:5 :


Innate Abilities, Weirdness & Mutations

You cannot wear most types of armour.
You are amphibious.
You can wear up to eight rings at the same time.
Your skin changes colour to match your surroundings (Stealth+).
Your rubbery body absorbs attacks. (AC +1, EV +1)
((You are camouflaged when in or above water. (Stealth+)))
You have tentacles for arms and can constrict up to eight enemies at once.


Message History

You start resting.
HP restored.
A bat comes into view.
Found a potion of haste.
Found a gate leading back out of this place.
You hit the bat but do no damage. You grab the bat. You constrict the bat.
You kill the bat!
A water moccasin comes into view.
You see here a bat corpse.
Okay, then.
Okay, then.
Okay, then.
You see here a bat corpse.
Okay, then.
Found a scroll labelled SEURCHEKYAGI and 19 gold pieces.
You see here a potion of haste.
e - 2 potions of haste (gained 1)
Found 2 scrolls labelled FEMPAOFAAN and 29 gold pieces.
You feel yourself speed up.
The helpless water moccasin fails to defend itself.
You hit the water moccasin. Your grab misses the water moccasin.
The water moccasin is lightly wounded.
The water moccasin bites you. The water moccasin barely misses you.
You hit the water moccasin. Your grab misses the water moccasin.
The water moccasin is heavily wounded.
The water moccasin bites you!
* * * LOW HITPOINT WARNING * * *
You are lethally poisoned!
The water moccasin poisons you!
Okay, then.
You closely miss the water moccasin. You grab the water moccasin.
The water moccasin is moderately wounded.
You constrict the water moccasin.
* * * LOW HITPOINT WARNING * * *
You feel very sick. The water moccasin closely misses you.
You hit the water moccasin.
The water moccasin is heavily wounded.
You constrict the water moccasin, but do no damage.
You die...

####### ##$$??$##
#..$?$..#
#.......#
#...S...#
#...@...#
#.......#
##.....## #######
###.### ##.....##
#.# #...≈...## #.#
...≈≈≈...#######.#
∩.≈≈≈≈≈..........#
...≈≈≈...#######†#


You could see a water moccasin.

Vanquished Creatures
  An orc (D:4)
  2 giant cockroaches (D:4)
  A goblin (D:4)
  A hobgoblin (D:4)
  A quokka (D:4)
  A bat (Sewer)
7 creatures vanquished.

Notes
Turn   | Place    | Note
-------+----------+-------------------------------------------
     0 | D:5      | mopl the Octopode Delver began the quest for the Orb.
     0 | D:5      | Reached XP level 1. HP: 16/16 MP: 1/1
    95 | D:4      | Reached XP level 2. HP: 9/21 MP: 2/2
    96 | D:4      | Found a glowing drain.
   114 | Sewer    | Entered a sewer
   339 | Sewer    | Noticed a water moccasin
   361 | Sewer    | Succumbed to a water moccasin's poison

Illustrated notes

Levels and vault maps discovered:
D:4:      layout_basic, serial_shops, kennysheep_mini, shop_coins, shop,
          portal_sewer_entry_f
D:5:      layout_cave_pools, gammafunk_ghost_cemetery, serial_shops,
          nicolae_stop_n_shop_2, water_boxes_lemuel
Sewer:    sewer_big_baddie

Action                   || total
-------------------------++-------
Melee: Falchion          ||    22
       Constrict         ||     7
       Tentacles         ||     1
  Use: Potion            ||     1
 Stab: Sleeping          ||     1
Dodge: Dodged            ||    13
